 Dungeon Crawl Stone Soup version 0.30.0-17-ge0270778cf (webtiles) character file.

Game seed: 16760683914364286675

64 juan097 the Chopper (level 3, 0/33 HPs)
             Began as a Minotaur Berserker on May 21, 2023.
             Was a Believer of Trog.
             Succumbed to a gnoll's poison
             ... on level 2 of the Dungeon.
             The game lasted 00:01:55 (1238 turns).

juan097 the Chopper (Minotaur Berserker)            Turns: 1238, Time: 00:01:55

Health: 0/33       AC:  6    Str: 23    XL:     3   Next: 91%
Magic:  2/2        EV: 11    Int:  4    God:    Trog [**....]
Gold:   76         SH:  0    Dex:  9    Spells: 2/2 levels left

rFire   + . .        a - +0 war axe
rCold   + . .        (no shield)
rNeg    . . .        p - +0 ring mail
rPois   +            (helmet restricted)
rElec   +            (no cloak)
rCorr   +            u - +0 pair of gloves
SInv    .            (no boots)
Will    ++...        (no amulet)
Stlth   +            (no ring)
HPRegen 1.25/turn    (no ring)
MPRegen 0.08/turn

%: no passive effects
@: lethally poisoned (0 -> -19), resistant, strong-willed, regenerating
A: horns 2, retaliatory headbutt
a: Renounce Religion, Berserk, Trog's Hand


You were on level 2 of the Dungeon.
You worshipped Trog.
Trog was pleased with you.
You visited 1 branch of the dungeon, and saw 2 of its levels.

You collected 154 gold pieces.
You spent 78 gold pieces at shops.

Inventory:

Hand Weapons
 a - a +0 war axe (weapon)
 e - a +0 hand axe
Missiles
 m - 4 boomerangs (quivered)
 q - 2 poisoned darts
Armour
 b - a +0 animal skin
 g - a +0 leather armour
 p - a +0 ring mail (worn)
 u - a +0 pair of gloves (worn)
Jewellery
 f - a +6 ring of dexterity
 h - a ring of resist corrosion
Scrolls
 c - 4 scrolls of identify {unknown}
 i - a scroll of silence {unknown}
 j - a scroll of enchant weapon {unknown}
 n - a scroll of torment {unknown}
 o - a scroll of vulnerability {unknown}
 v - a scroll of teleportation {unknown}
Potions
 d - a potion of resistance
 k - 2 potions of might {unknown}
 l - a potion of curing {unknown}
 r - a potion of lignification {unknown}
 s - 2 potions of haste {unknown}
 t - a potion of attraction {unknown}


   Skills:
 + Level 4.0 Fighting
 * Level 4.5 Axes
 + Level 3.0 Armour
 + Level 2.7 Dodging
 + Level 1.0 Stealth


You had 2 spell levels left.
You didn't know any spells.
Your spell library was empty.

Dungeon Overview and Level Annotations

Branches:
Dungeon (2/15)

Altars:

Shops:
D:2 *


Innate Abilities, Weirdness & Mutations

You have a pair of horns on your head.
You reflexively headbutt those who attack you in melee.


Message History

The gnoll hits you with a +0 whip.
You closely miss the gnoll. You headbutt the gnoll.
You kill the gnoll!
Trog accepts your kill.
A gnoll comes into view. It is wielding a +4 spear of venom.
Your Armour skill increases to level 3!
Your Stealth skill increases to level 1!
A gnoll comes into view. It is wielding a +0 club.
Things that are here:
a +0 whip; 16 gold pieces; a gnoll corpse The gnoll shouts!
The gnoll hits you with a +0 club. The gnoll hits you but does no damage.
You are poisoned.
You barely miss the gnoll.
You feel sick. The gnoll barely misses you.
The gnoll hits you from afar with a +4 spear of venom.
You are more poisoned.
You slash the gnoll!
The gnoll is severely wounded.
You feel very sick. The gnoll barely misses you. You furiously retaliate!
You headbutt the gnoll!
You kill the gnoll!
Trog accepts your kill.
The gnoll hits you from afar with a +4 spear of venom.
You are lethally poisoned!
You are too injured to fight recklessly!
You are too injured to fight recklessly!
You are too injured to fight recklessly!
You are too injured to fight recklessly!
You are too injured to fight recklessly!
You are too injured to fight recklessly!
You are too injured to fight recklessly!
Your skin crawls.
You feel strong-willed.
You feel very sick.
The gnoll hits you from afar with a +4 spear of venom!
* * * LOW HITPOINT WARNING * * *
You are more poisoned.
It was a potion of resistance.
You feel protected.
You die...

##....####.####.# #.#
#....∩..........####..
##.##.....†####.......
#.##..###.####.####..
#.#...###.(....####.#
#.#.....#########..##
#.#.....# #.#.#
#.#...g.# #.#..
#..)@.##. #.###
#####)# #.##. .# #.#..
.. ###.. ..# #.. ..#
##. ..# #. #.# #. #.


You could see a gnoll.

Vanquished Creatures
  2 gnolls (D:2)
  A dart slug (D:1)
  3 endoplasms
  2 giant cockroaches (D:1)
  3 goblins
  4 hobgoblins
  8 jackals
  5 kobolds
  3 quokkas (D:1)
  2 ball pythons (D:1)
  A bat (D:1)
  A frilled lizard (D:1)
  3 rats
38 creatures vanquished.

Notes
Turn   | Place    | Note
-------+----------+-------------------------------------------
     0 | D:1      | juan097 the Minotaur Berserker began the quest for the Orb.
     0 | D:1      | Reached XP level 1. HP: 19/19 MP: 0/0
   340 | D:1      | Reached XP level 2. HP: 27/27 MP: 1/1
   721 | D:1      | Reached XP level 3. HP: 28/33 MP: 2/2
  1007 | D:2      | Reached ** piety under Trog
  1196 | D:2      | Found Xocoehoci's Assorted Antiques.
  1217 | D:2      | Bought a silvery potion for 18 gold pieces
  1217 | D:2      | Bought a scroll labelled MIHUBL NADD for 20 gold pieces
  1217 | D:2      | Bought a scroll labelled UNIMIT ZICEDIPN for 20 gold pieces
  1217 | D:2      | Bought a scroll labelled UNIMIT ZICEDIPN for 20 gold pieces
  1233 | D:2      | Reached skill level 1 in Stealth
  1238 | D:2      | Succumbed to a gnoll's poison

Illustrated notes

Levels and vault maps discovered:
D:1:      psy_arrival_dodecagon, layout_loops_ring,
          nicolae_concentric_dashed_squares_mild
D:2:      minmay_roachtagon, layout_loops_cross, serial_shops,
          nicolae_square_shop

Skill      XL: |  1  2  3 |
---------------+----------+-----
Axes           | 4 |  4.5
Fighting       | 4 |  4.0
Armour         | 3 |  3.0
Stealth        | 1 |  1.0
Dodging        | |  2.7

Action                     || total
---------------------------++-------
  Melee: Hand axe          ||     7
         War axe           ||    67
         Headbutt          ||    13
         Punch             ||     1
 Invoke: Trog's Hand       ||     1
    Use: Potion            ||     1
   Stab: Sleeping          ||     1
 Armour: Leather armour    ||    12
         Ring mail         ||     7
  Dodge: Dodged            ||    52
